 Dungeon Sprint DCSS version 0.20-a0-1116-gaa52201 (webtiles) character file.

2048 potatolord5000 the Fighter (level 9, -9/123 HPs)
             Began as a Demonspawn Gladiator on May 8, 2017.
             Was a Follower of Okawaru.
             Mangled by a sixfirhy (12 damage)
             ... summoned by an orc sorcerer
             ... in the Dungeon (Sprint III: "The Ten Rune Challenge").
             The game lasted 00:07:11 (1063 turns).

potatolord5000 the Fighter (Demonspawn Gladiator)   Turns: 1063, Time: 00:07:11

Health: -9/123     AC:  7    Str: 23    XL:     9   Next: 4%
Magic:  9/9        EV: 19    Int: 10    God:    Okawaru [*.....]
Gold:   44         SH:  0    Dex: 14    Spells: 8/8 levels left

rFire    . . .     SeeInvis .   s - +4 quarterstaff (chaos)
rCold    . . .     Gourm    .   (shield currently unavailable)
rNeg     + . .     Faith    .   b - +0 leather armour
rPois    .         Spirit   .   (helmet restricted)
rElec    .         Reflect  .   d - +1 cloak
rCorr    .         Harm     .   (no gloves)
MR       .....     NoTele   +   (no boots)
Stlth    ..........             (no amulet)
Regen    3.3/turn               (no ring)
MPRegen  0.2/turn               (no ring)

@: berserking, very quick
A: horns 1, thin metallic scales 1, negative energy resistance 1, powered by
death 3
a: Heroism, Renounce Religion


You were in the Dungeon.
You worshipped Okawaru.
Okawaru was aware of your devotion.
You were not hungry.

You visited 1 branch You collected 44 gold pieces.

Inventory:

Hand Weapons
 s - a +4 quarterstaff of chaos (weapon)
Armour
 b - a +0 leather armour (worn)
 d - a +1 cloak (worn)
Wands
 a - a wand of clouds (1/9)
Scrolls
 g - 2 scrolls of immolation {unknown}
 k - a scroll of blinking
 l - 3 scrolls of identify
 m - 3 scrolls of remove curse
Potions
 e - 2 potions of mutation {unknown}
 i - 2 potions of magic
 o - 2 potions of curing
 p - a potion of flight
 r - a potion of resistance {unknown}
Books
 c - a book of Misfortune

   Spells                             Type                      Level
   a - Confusing Touch                Hexes                        1
   b - Confuse                        Hexes                        3
   c - Gell's Gravitas                Translocation                3
   d - Petrify                        Transmutation/Earth          4
   e - Metabolic Englaciation         Hexes/Ice                    5
   f - Yara's Violent Unravelling     Hexes/Transmutation          5
Comestibles
 f - a bread ration
 n - 3 fruits
 q - 2 royal jellies


   Skills:
 + Level 11.8 Fighting
 + Level 11.1 Staves
 - Level 1.7 Throwing
 + Level 11.1 Dodging


You had 8 spell levels left.
You didn't know any spells.

Dungeon Overview and Level Annotations

Branches:
Dungeon (1/1)

Altars:
Cheibriados
Dithmenos
Elyvilon
Fedhas
Gozag
Hepliaklqana
Kikubaaqudgha
Makhleb
Nemelex Xobeh
Okawaru
Qazlal
Ru
Sif Muna
Trog
Uskayaw
Vehumet
Wu Jian
Xom
Yredelemnul
Zin
The Shining One
Beogh
Jiyva
Lugonu


Innate Abilities, Weirdness & Mutations

You have a pair of small horns on your head.
You are partially covered in thin metallic scales. (AC +2)
You resist negative energy. (rN+)
You regenerate a lot of health from kills.


Message History

You kill the orc!
Okawaru accepts your kill.
The orc knight roars a battlecry!
The orc priest mumbles some strange prayers to Beogh against you.
Beogh smites you! The orc warrior closely misses you.
You hit the orc. You burn the orc. You headbutt the orc.
You kill the orc!
Okawaru accepts your kill. The orc priest misses you.
You sock the orc sorcerer! You freeze the orc sorcerer.
The orc sorcerer is severely wounded.
The orc warrior hits you from afar with an enchanted halberd!!!
The orc knight hits you from afar with a glaive!!
* * * LOW HITPOINT WARNING * * *
A red film seems to cover your vision as you go berserk!
You feel yourself moving faster!
You feel mighty! The sixfirhy misses you. The sixfirhy hits you!
* * * LOW HITPOINT WARNING * * *
The sixfirhy shocks you!
You die...

▓▓▓ ♣.############ ## $
♣♣.#___#___#__####$##$#
♣..#...#__.#._#..ooo...
♣♣♣.###'#)###)##.oooo...
♣♣..#.......†..#o3oooo..
♣♣..'.⌠........#@#
≈♣..#...######'#$#
....#.⌠.#__#...#§#####
....#...#__#...#§§≈)≈+
....#)###__#...#.#§≈§#
....#.).#__#...'.#§§.#
....#___#__'...#.#§..#
▓▓▓▓▓▓▓▓▓▓▓▓▓▓▓▓▓▓▓▓▓▓


You could see 2 orc knights, a sixfirhy, an orc sorcerer, 3 orc warriors, 2 orc
priests and 4 orcs.

Vanquished Creatures
  Josephine (D)
  A deep elf mage (D)
  A shadow (D)
  A spatial vortex (D)
  A necrophage (D)
  A water elemental (D)
  An orc priest (D)
  Crazy Yiuf (D)
  A jelly (D)
  A wizard (D)
  Jessica (D)
  A necromancer (D)
  3 humans (D)
  A kobold demonologist (D)
  An ooze (D)
  2 orcs (D)
  A rat (D)
20 creatures vanquished.

Vanquished Creatures (others)
  2 draconian scorchers (D)
  6 hellions (D)
  2 yaktaurs (D)
10 creatures vanquished.

Grand Total: 30 creatures vanquished

Notes
Turn   | Place    | Note
-------+----------+-------------------------------------------
     0 | D        | potatolord5000 the Demonspawn Gladiator began the quest for the Orb.
     0 | D        | Reached XP level 1. HP: 16/16 MP: 1/1
    17 | D        | Noticed Jessica
    20 | D        | Killed Jessica
    20 | D        | Gained mutation: You have a pair of small horns on your head. [demonic ancestry]
    20 | D        | Reached XP level 2. HP: 21/25 MP: 2/2
    20 | D        | Gained mutation: You regenerate a little health from kills. [demonic ancestry]
    20 | D        | Reached XP level 3. HP: 26/30 MP: 3/3
   147 | D        | Killed a hellion
   149 | D        | Killed a hellion
   162 | D        | Killed a hellion
   162 | D        | Killed a hellion
   165 | D        | Killed a white draconian scorcher
   218 | D        | Killed a white draconian scorcher
   245 | D        | Killed a hellion
   257 | D        | Killed a hellion
   281 | D        | Killed a yaktaur
   459 | D        | Noticed Crazy Yiuf
   473 | D        | Killed Crazy Yiuf
   473 | D        | Reached skill level 5 in Fighting
   473 | D        | Reached skill level 5 in Staves
   473 | D        | Reached skill level 5 in Dodging
   473 | D        | Gained mutation: You are partially covered in thin metallic scales. (AC +2) [demonic ancestry]
   473 | D        | Reached XP level 4. HP: 26/39 MP: 4/4
   531 | D        | Noticed a water elemental
   535 | D        | Killed a water elemental
   535 | D        | Reached XP level 5. HP: 45/46 MP: 5/5
   541 | D        | Found a glowing silver altar of Zin.
   541 | D        | Found a glowing golden altar of the Shining One.
   541 | D        | Found a white marble altar of Elyvilon.
   542 | D        | Noticed a deep elf mage
   555 | D        | Killed a deep elf mage
   555 | D        | Gained mutation: You regenerate health from kills. [demonic ancestry]
   555 | D        | Reached XP level 6. HP: 37/58 MP: 6/6
   555 | D        | Reached XP level 7. HP: 41/64 MP: 7/7
   571 | D        | Found a radiant altar of Vehumet.
   571 | D        | Found a deep blue altar of Sif Muna.
   571 | D        | Found an ancient bone altar of Kikubaaqudgha.
   593 | D        | Found a hide-covered altar of Uskayaw.
   593 | D        | Found a roughly hewn altar of Beogh.
   593 | D        | Found an iron altar of Okawaru.
   593 | D        | Found a bloodstained altar of Trog.
   593 | D        | Found an ornate altar of the Wu Jian Council.
   593 | D        | Noticed a human
   594 | D        | Noticed a human
   598 | D        | Killed a human
   608 | D        | Killed a human
   608 | D        | Reached skill level 10 in Fighting
   618 | D        | Became a worshipper of Warmaster Okawaru
   626 | D        | Found a basalt altar of Yredelemnul.
   626 | D        | Found a shadowy altar of Dithmenos.
   626 | D        | Found a sacrificial altar of Ru.
   647 | D        | Noticed a shadow
   651 | D        | Killed a shadow
   651 | D        | Reached skill level 10 in Dodging
   651 | D        | Gained mutation: You regenerate a lot of health from kills. [demonic ancestry]
   651 | D        | Reached XP level 8. HP: 49/73 MP: 8/8
   652 | D        | Reached skill level 10 in Staves
   662 | D        | Found a blossoming altar of Fedhas.
   662 | D        | Found a stormy altar of Qazlal.
   662 | D        | Found a snail-covered altar of Cheibriados.
   662 | D        | Found a burning altar of Makhleb.
   662 | D        | Found a shimmering altar of Xom.
   663 | D        | Found a hazy altar of Hepliaklqana.
   663 | D        | Found an opulent altar of Gozag.
   663 | D        | Found a sparkling altar of Nemelex Xobeh.
   663 | D        | Found a corrupted altar of Lugonu.
   663 | D        | Found a viscous altar of Jiyva.
   682 | D        | Killed a yaktaur
   689 | D        | Noticed Josephine
   711 | D        | Killed Josephine
   711 | D        | Reached * piety under Okawaru
   711 | D        | Gained mutation: You resist negative energy. (rN+) [demonic ancestry]
   711 | D        | Reached XP level 9. HP: 29/82 MP: 9/9
  1056 | D        | Noticed an orc sorcerer
  1056 | D        | Noticed an orc knight
  1056 | D        | Noticed an orc knight
  1060 | D        | Noticed a sixfirhy
  1063 | D        | HP: 3/123 [sixfirhy[an orc sorcerer] (9)]
  1063 | D        | Mangled by a sixfirhy

Vault maps used:
D:        dungeon_sprint_mu

Skill      XL: |  1  2  3  4  5  6  7  8 |
---------------+-------------------------+-----
Staves         | 4 5 8 9 11 | 11.1
Dodging        | 4 5 8 10 11 | 11.1
Fighting       | 4 5 6 9 10 11 | 11.8
Throwing       | |  1.7

Action                   |  1- 3 |  4- 6 |  7- 9 || total
-------------------------+-------+-------+-------++-------
Melee: Quarterstaff      |    27 |    13 |    52 ||    92
       Headbutt          |     4 |     1 |    13 ||    18
  Use: Potion            |     2 |     2 |     3 ||     7
 Stab: Paralysed         |       |       |     1 ||     1
       Petrifying        |       |       |     1 ||     1
Armor: Leather armour    |     2 |       |     7 ||     9
Dodge: Dodged            |    14 |     2 |    13 ||    29
